 Dungeon Crawl Stone Soup version 0.18-a0-1347-gb9e2fb4 (webtiles) character file.

588 JustSomeDude the Skirmisher (level 7, -2/55 HPs)
             Began as a Demonspawn Fighter on Feb 17, 2016.
             Was a Follower of Okawaru.
             Slain by YrmMerkstave's ghost (8 damage)
             ... on level 6 of the Dungeon.
             The game lasted 00:09:36 (3566 turns).

JustSomeDude the Skirmisher (Demonspawn Fighter)    Turns: 3566, Time: 00:09:36

Health: -2/55      AC: 13    Str: 15 (18) XL:     7   Next: 15%
Magic:  0/7        EV: 13    Int:  7 (9)  God:    Okawaru [*.....]
Gold:   214        SH:  9    Dex: 17 (18) Spells: 0 memorised, 6 levels left

rFire  + . .     SeeInvis .     a - +0 war axe
rCold  + . .     Gourm    .     b - +0 scale mail
rNeg   . . .     Faith    .     c - +0 shield
rPois  +         Spirit   +     (no helmet)
rElec  +         Dismiss  .     (no cloak)
rCorr  +         Reflect  .     (no gloves)
SustAt .         Harm     .     (no boots)
MR     .....                    (no amulet)
Stlth  +.........               (no ring)
                                (no ring)

@: agile, resistant, very slightly contaminated, hasted, very quick, not
resistant to hostile enchantments, very unstealthy
A: hooves 2, iridescent scales 2, magic shield
a: Heroism, Renounce Religion


You were on level 6 of the Dungeon.
You worshipped Okawaru.
Okawaru was aware of your devotion.
You were hungry.

You visited 1 branch of the dungeon, and saw 5 of its levels.

You collected 214 gold pieces.

Inventory:

Hand Weapons
 a - a +0 war axe (weapon)
Armour
 b - a +0 scale mail (worn)
 c - a +0 shield (worn)
Jewellery
 u - an uncursed ring of poison resistance {unknown}
Scrolls
 e - a scroll of random uselessness {unknown}
 i - 8 scrolls of identify {unknown}
 k - a scroll of fear {unknown}
 q - a scroll of magic mapping {unknown}
 r - 4 scrolls of remove curse {unknown}
 s - a scroll of recharging {unknown}
Books
 m - a book of Cantrips

   Spells                             Type                      Level
   a - Corona                         Hexes                        1
   b - Animate Skeleton               Necromancy                   1
   c - Summon Small Mammal            Summoning                    1
   d - Apportation                    Translocation                1
Comestibles
 f - 3 bread rations
 n - 2 meat rations


   Skills:
 + Level 4.5 Fighting
 + Level 3.3 Axes
 + Level 3.8 Armour
 + Level 2.5 Dodging
 + Level 0.6 Stealth
 + Level 4.5 Shields


You had 6 spell levels left.
You didn't know any spells.

Dungeon Overview and Level Annotations

Branches:
Dungeon (4/15)
 Temple: D:4-7

Altars:
Ashenzari
Elyvilon
Gozag
Nemelex Xobeh
Okawaru
Qazlal
Zin

Shops:
D:4 ?

Annotations:
D:6 YrmMerkstave's ghost, novice DDFi


Innate Abilities, Weirdness & Mutations

You have hoof-like feet.
You are mostly covered in iridescent scales (AC +6).
When hurt, damage is shared between your health and your magic reserves.


Message History

YrmMerkstave's ghost barely misses you.
You hit YrmMerkstave's ghost but do no damage.
Your kick misses YrmMerkstave's ghost.
YrmMerkstave's ghost is heavily damaged.
YrmMerkstave's ghost completely misses you.
You hit YrmMerkstave's ghost but do no damage.
Your kick misses YrmMerkstave's ghost.
YrmMerkstave's ghost is heavily damaged.
YrmMerkstave's ghost hits you.
* * * LOW HITPOINT WARNING * * *
x2 You hit YrmMerkstave's ghost but do no damage.
Your kick misses YrmMerkstave's ghost.
YrmMerkstave's ghost is heavily damaged.
YrmMerkstave's ghost hits you.
* * * LOW HITPOINT WARNING * * *
x2 You hit YrmMerkstave's ghost but do no damage.
You kick YrmMerkstave's ghost, but do no damage.
YrmMerkstave's ghost is heavily damaged.
YrmMerkstave's ghost hits you!
You die...

#≈.....##
#≈......##
W..≈≈..###..##
### ...≈...?#
##..###.#
........#
##..##.#
..!.:...#
##....##
......###
##...#..####
.#...#
##....##....#
.####...W@###).##
..........###.##
##...........##
#........####.#
#........# #.##
........## ##.#
#######.# ###
.#####....#
..........##


You could see YrmMerkstave's ghost.

Vanquished Creatures
  Blork the orc (D:6)
  The ghost of YrmMerkstave the Ruffian, a weakling MiMo (D:4)
  A jelly (D:6)
  An orc priest (D:4)
  A hound (D:4)
  5 orc wizards
  A centaur skeleton (D:4)
  A worker ant (D:4)
  A hound skeleton (D:4)
  Robin (D:3)
  6 adders
  A shadow imp (D:4)
  2 oozes
  3 worms (D:3)
  3 giant geckos
  6 orcs
  4 giant cockroaches
  13 goblins
  10 hobgoblins
  9 kobolds
  A quokka (D:4)
  3 ball pythons
  8 bats
  3 giant newts
  5 rats
91 creatures vanquished.

Notes
Turn   | Place    | Note
--------------------------------------------------------------
     0 | D:1      | JustSomeDude the Demonspawn Fighter began the quest for the Orb.
     0 | D:1      | Reached XP level 1. HP: 18/18 MP: 1/1
   362 | D:1      | Gained mutation: You are partially covered in iridescent scales (AC +4). [demonic ancestry]
   362 | D:1      | Reached XP level 2. HP: 24/24 MP: 2/2
   819 | D:2      | Reached XP level 3. HP: 26/29 MP: 3/3
   833 | D:2      | Found a shattered altar of Ashenzari.
   973 | D:2      | Reached skill level 1 in Dodging
  1485 | D:2      | Found a glowing silver altar of Zin.
  1547 | D:2      | Found an iron altar of Okawaru.
  1547 | D:2      | Found a white marble altar of Elyvilon.
  1619 | D:2      | Became a worshipper of Warmaster Okawaru
  1638 | D:3      | Noticed Robin
  1644 | D:3      | Gained mutation: You are mostly covered in iridescent scales (AC +6). [demonic ancestry]
  1644 | D:3      | Reached XP level 4. HP: 35/35 MP: 4/4
  1668 | D:3      | Killed Robin
  1885 | D:3      | Gained mutation: You have large cloven feet. [demonic ancestry]
  1885 | D:3      | Reached XP level 5. HP: 42/42 MP: 5/5
  1990 | D:3      | Found a sparkling altar of Nemelex Xobeh.
  2635 | D:4      | Found an opulent altar of Gozag.
  2649 | D:4      | Reached * piety under Okawaru
  2649 | D:4      | Reached skill level 4 in Fighting
  2690 | D:4      | Noticed YrmMerkstave's ghost (weakling MiMo)
  2711 | D:4      | Killed YrmMerkstave's ghost
  2721 | D:4      | HP: 2/42 [hound (3)]
  2722 | D:4      | Gained mutation: You have hoof-like feet. [demonic ancestry]
  2722 | D:4      | Reached XP level 6. HP: 2/48 MP: 6/6
  3006 | D:4      | Found Etomiesm's Magic Scroll Shop.
  3183 | D:4      | You fall through a shaft for 2 floors!
  3246 | D:6      | Gained mutation: When hurt, damage is shared between your health and your magic reserves. [demonic ancestry]
  3246 | D:6      | Reached XP level 7. HP: 12/55 MP: 7/7
  3486 | D:6      | Found a stormy altar of Qazlal.
  3487 | D:6      | Noticed Blork the orc
  3489 | D:6      | Noticed YrmMerkstave's ghost (novice DDFi)
  3519 | D:6      | Killed Blork the orc
  3566 | D:6      | Slain by YrmMerkstave's ghost

Vault maps used:
D:1:      lemuel_arrival_tunnels
D:2:      evilmike_ruin_ashenzari, zin_scriptorium,
          amethyst_overflow_temple_binary
D:3:      lemuel_round_altar, portal_sewer_entry_d, uniq_robin
D:4:      lemuel_crystal_altar, serial_shops, nicolae_shop_statue_plus,
          minmay_misc_feat_square, serial_bayou_pond_e
D:6:      nicolae_qazlal_general_emergency, uniq_prince_ribbit1,
          uniq_blork_the_orc

Action                   |  1- 3 |  4- 6 |  7- 9 || total
-------------------------+-------+-------+-------++-------
Melee: War axe           |   131 |   253 |    43 ||   427
  Use: Potion            |       |     4 |     5 ||     9
  Eat: Chunk             |     1 |     5 |       ||     6
       Beef jerky        |       |     2 |       ||     2
